AoeStats
← RueTang90

Oasis

509674795Analyzed
3v3 RM · 4d ago on Sep 27, 2026· 64m 38s· 6 players
Game mode
Random Map
Map size
Normal (6 player)
Population
200
Speed
Normal
Resources
Standard
Victory
Conquest
Starting age
Dark Age
Ending age
Imperial Age
RankedLock teamsTeams togetherTeam positionsShared explorationLock speedFull tech treeHidden civsTurbo modeCheats
Victory
Defeat
🇬🇧 Danes · United Kingdom
1049
+17
🇺🇸 Bengalis · United States
1024
+18
🇨🇱 Varangians · Chile
1008
+18
🇩🇪 Magyars · Germany
1109
-20
🇩🇪 Vietnamese · Germany
1044
-17
🇩🇪 Saxons · Germany
1023
-16
RueTang90
8:04 Loom
10:36 Feudal Age
13:07 Double-Bit Axe
18:59 Castle Age
23:18 Fletching
23:29 Padded Archer Armor
27:45 Leather Archer Armor
28:13 Wheelbarrow
35:23 Imperial Age
33:46 Bodkin Arrow
33:59 Scale Barding Armor
34:15 Town Watch
35:37 Paiks
37:20 Ballistics
37:04 Bracer
38:14 Bow Saw
37:59 Gold Mining
40:47 Redemption
40:04 Elite Elephant Archer
41:24 Ring Archer Armor
41:05 Forging
41:34 Conscription
41:26 Squires
40:47 Pikeman
41:30 Elite Skirmisher
43:13 Husbandry
43:24 Bloodlines
47:08 Chemistry
45:33 Halberdier
52:25 Gambesons
55:05 Chain Barding Armor
55:20 Iron Casting
55:49 Hand Cart
55:37 Town Patrol
57:04 Elite Battle Elephant
60:31 Two-Man Saw
61:14 Plate Barding Armor
61:40 Blast Furnace
63:47 Scale Mail Armor
IdleBonobo
11:42 Feudal Age
15:55 Castle Age
14:37 Double-Bit Axe
14:35 Horse Collar
24:33 Loom
25:23 Wheelbarrow
24:34 Town Watch
25:48 Bow Saw
26:56 Hand Cart
26:41 Town Patrol
26:47 Heavy Plow
28:12 Forging
28:05 Scale Mail Armor
29:36 Squires
29:22 Arson
34:27 Imperial Age
31:58 Town Patrol
32:23 Gold Mining
34:04 Iron Casting
33:44 Chain Mail Armor
34:53 Elite Jomsviking
35:58 Conscription
38:19 Stone Mining
39:48 Gold Shaft Mining
39:51 Stone Shaft Mining
39:24 Hamask
41:10 Blast Furnace
40:41 Plate Mail Armor
42:52 Siege Engineers
42:44 Fletching
45:28 Bodkin Arrow
Boss's Order
2:53 Loom
12:38 Feudal Age
13:21 Double-Bit Axe
14:09 Horse Collar
17:09 Wheelbarrow
20:02 Castle Age
19:36 Scale Barding Armor
19:50 Bloodlines
21:04 Bow Saw
24:21 Husbandry
25:07 Chain Barding Armor
27:38 Stone Mining
29:19 Gold Mining
29:57 Town Watch
62:34 Arson
64:31 Caravan
64:43 Squires
[Knusper] Antonio
8:48 Loom
10:48 Feudal Age
14:59 Castle Age
13:10 Double-Bit Axe
13:27 Horse Collar
15:48 Wheelbarrow
16:41 Bow Saw
16:40 Heavy Plow
19:16 Hand Cart
21:24 Padded Archer Armor
21:15 Gold Mining
22:09 Town Watch
24:07 Fletching
24:32 Leather Archer Armor
26:45 Pikeman
27:46 Scale Mail Armor
28:43 Ballistics
35:28 Imperial Age
35:00 Squires
34:46 Arson
36:07 Capped Ram
36:43 Halberdier
37:37 Bodkin Arrow
38:12 Ring Archer Armor
40:48 Chemistry
39:58 Fortified Wall
42:15 Paper Money
43:07 Bracer
44:21 Elite Rattan Archer
45:38 Hoardings
47:16 Thumb Ring
46:51 Elite Skirmisher
49:31 Imperial Skirmisher
50:27 Forging
52:16 Heavy Cavalry Archer
53:20 Caravan
58:05 Husbandry
58:16 Bloodlines
58:22 Bloodlines
58:13 Husbandry
62:56 Iron Casting
62:36 Chain Mail Armor
65:10 Two-Man Saw
64:45 Crop Rotation
[Knusper] Alex
5:07 Loom
11:43 Feudal Age
13:41 Horse Collar
19:39 Castle Age
17:43 Double-Bit Axe
19:05 Bloodlines
19:56 Scale Barding Armor
22:02 Wheelbarrow
21:38 Town Watch
24:57 Heavy Plow
25:11 Husbandry
26:48 Gold Mining
28:01 Chain Barding Armor
27:52 Fletching
29:03 Hand Cart
32:45 Bow Saw
33:49 Gold Shaft Mining
33:38 Padded Archer Armor
41:27 Imperial Age
41:49 Town Patrol
44:20 Plate Barding Armor
44:15 Cavalier
46:07 Conscription
45:20 Light Cavalry
46:38 Hussar
48:44 Scale Mail Armor
50:34 Paladin
51:35 Recurve Bow
52:23 Parthian Tactics
53:24 Ballistics
53:22 Masonry
55:01 Two-Man Saw
54:43 Leather Archer Armor
54:24 Bodkin Arrow
55:59 Elite Skirmisher
57:13 Caravan
57:55 Coinage
57:09 Imperial Skirmisher
60:46 Ring Archer Armor
60:17 Bracer
61:56 Chemistry
62:06 Pikeman
63:22 Crop Rotation
[Knusper] ChamberMC
9:52 Loom
11:40 Feudal Age
12:58 Double-Bit Axe
13:04 Horse Collar
16:08 Fletching
16:18 Padded Archer Armor
25:12 Castle Age
25:32 Scale Mail Armor
25:43 Forging
25:28 Gold Mining
25:28 Stone Mining
25:39 Crossbowman
31:49 Bodkin Arrow
32:30 Leather Archer Armor
40:21 Bow Saw
41:19 Chain Mail Armor
41:41 Iron Casting
41:50 Wheelbarrow
43:56 Imperial Age
45:57 Onager
50:27 Elite Skirmisher
51:15 Thumb Ring
56:00 Imperial Skirmisher
60:05 Caravan
60:38 Hand Cart
61:41 Two-Man Saw
61:14 Ballistics
61:55 Chemistry
Connection lost

Rejoining the realm…

Still unreachable

The connection could not be restored.

Session expired

The server has moved on; the page needs a fresh start.